 Dungeon Sprint DCSS version 0.30.1 (webtiles) character file.

Game seed: 10689732337690452578

27245 Groucho the Severer (level 13, -16/129 HPs)
             Began as a Naga Fighter on July 3, 2023.
             Was a High Priest of Cheibriados.
             Killed from afar by a frost giant (55 damage)
             ... with a bolt of cold
             ... in the Dungeon (Sprint VII: "The Pits").
             The game lasted 00:11:29 (6437 turns).

Groucho the Severer (Naga Fighter)                  Turns: 6437, Time: 00:11:30

Health: -16/129    AC: 25    Str: 34    XL:     13   Next: 31%
Magic:  2/25       EV: 11    Int: 23    God:    Cheibriados [*****.]
Gold:   39         SH: 22    Dex: 28    Spells: 28/28 levels left

rFire   . . .        A - +1 war axe (heavy)
rCold   . . .        B - +0 tower shield
rNeg    . . .        t - +3 plate armour
rPois   +            (no helmet)
rElec   .            (no cloak)
rCorr   .            (no gloves)
SInv    +            s - +0 barding
Will    +....        (no amulet) Stlth
                     p - +3 ring of strength
HPRegen 0.41/turn    q - +3 ring of intelligence
MPRegen 0.19/turn

%: no teleportation
@: very slow
A: AC +4, large, see invisible, deformed body, poison resistance, slowness 2,
spit poison 1, naga tail 2
a: Spit Poison, Renounce Religion, Bend Time, Temporal Distortion, Slouch, Step
From Time


You were in the Dungeon.
You worshipped Cheibriados.
Cheibriados was extremely pleased with you.
You visited 1 branch You collected 39 gold pieces.

Inventory:

Hand Weapons
 a - a +2 war axe of freezing
 b - a +2 morningstar of protection
 c - a +3 demon whip of flaming
 A - a +1 heavy war axe (weapon)
 C - a +4 broad axe of distortion
Armour
 s - a +0 barding (worn)
 t - a +3 plate armour (worn)
 B - a +0 tower shield (worn)
Jewellery
 n - a +6 ring of intelligence
 p - a +3 ring of strength (left hand)
 q - a +3 ring of intelligence (right hand)
 u - a ring of protection from cold
 w - a ring of protection from cold
Scrolls
 j - 3 scrolls of blinking
 l - 5 scrolls of amnesia
 m - a scroll of summoning
 o - 3 scrolls of fear
 v - 3 scrolls of enchant weapon
 x - 2 scrolls of enchant armour
 y - 5 scrolls of fog
Potions
 d - 3 potions of might
 e - 8 potions of curing
 f - 5 potions of heal wounds
 g - 6 potions of haste
 h - 3 potions of magic
 i - 4 potions of berserk rage
 k - 2 potions of invisibility
 r - a potion of resistance
 z - a potion of brilliance


   Skills:
 + Level 12.0 Fighting
 * Level 15.9 Axes
 * Level 13.7 Armour
 + Level 9.4 Dodging
 * Level 14.8 Shields
 * Level 8.0 Spellcasting
 - Level 14.5 Invocations


You had 28 spell levels left.
You didn't know any spells.
Your spell library contained the following spells:

 Spells                   Type           Power      Damage    Failure   Level
 Static Discharge         Conj/Air       18%        2-3/arc   67%         2
 Airstrike                Air            4%         2d(1-17)  99%         4
 Summon Lightning Spire   Summ/Air       9%         N/A       99%         4
 Storm Form               Tmut/Air       4%         N/A       100%        7
 Maxwell's Capacitive Co  Air            4%         ∞         100%        8


Dungeon Overview and Level Annotations

Branches:
Dungeon (1/1)

Altars:
Ashenzari
Cheibriados
Dithmenos
Elyvilon
Fedhas
Gozag
Hepliaklqana
Kikubaaqudgha
Makhleb
Nemelex Xobeh
Okawaru
Qazlal
Ru
Sif Muna
Trog
Uskayaw
Vehumet
Wu Jian
Xom
Yredelemnul
Zin
The Shining One
Jiyva
Lugonu

Annotations:
D Snorg


Innate Abilities, Weirdness & Mutations

Your serpentine skin is tough. (AC +4)
You have supernaturally acute eyesight. (SInv)
Armour fits poorly on your strangely shaped body.
Your system is resistant to poisons. (rPois)
You cover ground very slowly.
You can spit poison.
You can use your snake-like lower body to constrict enemies.


Message History

Unknown command.
Activating: Slouch (0% risk of failure)
Press: ? - help, Dir - look around, f - activate You can feel time thicken for a moment.
You kill the vault guard!
Cheibriados thoroughly appreciates the change of pace.
Cheibriados lowers the support of your attributes as your movement quickens.
The frost giant gestures at you while chanting.
The bolt of cold hits you!
Your Fighting skill increases to level 12!
Your Spellcasting skill increases to level 8!
Unknown command.
Unknown command.
You hit the frost giant but do no damage.
The frost giant is severely wounded.
The frost giant hits you with a +1 battleaxe of freezing!!
The frost giant freezes you.
You completely miss the deep elf blademaster.
Your grab misses the deep elf blademaster.
The deep elf blademaster is almost dead.
You barely miss the frost giant.
The deep elf blademaster closely misses you.
You block the deep elf blademaster's attack.
Snorg goes berserk!
The frost giant points at you and mumbles some strange words.
The bolt of cold hits you!!!
You block the deep elf blademaster's attack.
The deep elf blademaster hits you with a +0 rapier.
Unknown command.
You are too injured to fight recklessly!
Unknown command.
Unknown command.
You slash the frost giant!
The frost giant is almost dead.
You closely miss the deep elf blademaster.
You block the deep elf blademaster's attack.
The deep elf blademaster hits you but does no damage.
The frost giant points at you and mumbles some strange words.
The bolt of cold hits you!!!
You die...

###############################+#
.).)............................#
...)).....................†.)...#
##############')##############†.#
#.)'...'))#...))...# #..#
#))#...#))#...[....# . #..#
####...#######).#### ##... #..#
#.........#[.)))@CT#...... #..#
#...).........)..e))o).... #..#
#........)#........#...... #..#
##'###'##.####..#### ##+## #..#
#))))#))#.#..#### #..#
#))))#).#.'..# #..#
############## #++# ############
.[.'...'(..#


You could see a deep elf blademaster, a frost giant, Snorg (berserk) and an orc
knight.

Vanquished Creatures
  2 orc warlords (D)
  A merfolk impaler (D)
  2 vault guards (D)
  2 hydras (D)
  An alligator snapping turtle (D)
  A boulder beetle (D)
  A merfolk aquamancer (D)
  A naga warrior (D)
  A death yak (D)
  3 deep elf knights (D)
  2 sea snakes (D)
  A sixfirhy (D)
  2 swamp dragons (D)
  A flayed ghost (D)
  2 deep trolls (D)
  A lindwurm (D)
  A phantasmal warrior (D)
  10 orc knights (D)
  A cyclops (D)
  An ugly thing (D)
  Joseph (D)
  A merfolk siren (D)
  An eye of devastation (D)
  2 black mambas (D)
  A gargoyle (D)
  A komodo dragon (shapeshifter) (D)
  An orange demon (D)
  An unseen horror (D)
  An efreet (D)
  An ice devil (D)
  A komodo dragon (D)
  A polar bear (D)
  5 merfolk (D)
  A hellwing (D)
  3 water elementals (D)
  A wyvern (D)
  A ynoxinul (D)
  A wraith (D)
  A basilisk (D)
  4 redbacks (D)
  Grum (D)
  4 vampire mosquitoes (D)
  A steam dragon (D)
  A floating eye (D)
  Pargi (D)
  An orc warrior (D)
  2 wolves (D)
  A centaur (D)
  A phantom (D)
  A wight (D)
  9 killer bees (D)
  A quasit (D)
  An orc priest (D)
  A gnoll bouda (D)
  An iguana (D)
  2 orc wizards (D)
  3 gnolls (D)
  An adder (D)
  An ufetubus (D)
  An adder zombie (D)
  5 orcs (D)
  A giant cockroach (D)
  A hobgoblin (D)
  3 jackals (D)
  2 kobolds (D)
  2 ball pythons (D)
  A ball python skeleton (D)
  A ball python zombie (D)
  A bat (D)
  A goblin (D)
  3 rats (D)
123 creatures vanquished.

Notes
Turn   | Place    | Note
-------+----------+-------------------------------------------
     0 | D        | Groucho the Naga Fighter began the quest for the Orb.
     0 | D        | Reached XP level 1. HP: 21/21 MP: 1/1
    41 | D        | Found a bloodstained altar of Trog.
    41 | D        | Found a shimmering blue altar of Sif Muna.
    41 | D        | Found a viscous altar of Jiyva.
    41 | D        | Found a hazy altar of Hepliaklqana.
    41 | D        | Found an opulent altar of Gozag.
    42 | D        | Found a glowing golden altar of the Shining One.
    42 | D        | Found a glowing silver altar of Zin.
    42 | D        | Found a basalt altar of Yredelemnul.
    42 | D        | Found a shimmering altar of Xom.
    42 | D        | Found an ornate altar of the Wu Jian Council.
    42 | D        | Found a sacrificial altar of Ru.
    42 | D        | Found a stormy altar of Qazlal.
    42 | D        | Found an iron altar of Okawaru.
    42 | D        | Found a sparkling altar of Nemelex Xobeh.
    42 | D        | Found a burning altar of Makhleb.
    42 | D        | Found a blossoming altar of Fedhas.
    42 | D        | Found a white marble altar of Elyvilon.
    42 | D        | Found a shadowy altar of Dithmenos.
    42 | D        | Found a snail-covered altar of Cheibriados.
    44 | D        | Found a corrupted altar of Lugonu.
    44 | D        | Found a radiant altar of Vehumet.
    45 | D        | Found a broken altar of Ashenzari.
    45 | D        | Found an ancient bone altar of Kikubaaqudgha.
    45 | D        | Found a hide-covered altar of Uskayaw.
    51 | D        | Became a worshipper of Cheibriados the Contemplative
    70 | D        | Reached * piety under Cheibriados
    71 | D        | Reached skill level 1 in Invocations
    83 | D        | Reached XP level 2. HP: 11/28 MP: 1/3
   380 | D        | Reached ** piety under Cheibriados
   393 | D        | Reached *** piety under Cheibriados
   400 | D        | Reached skill level 3 in Axes
   400 | D        | Reached XP level 3. HP: 24/36 MP: 3/5
   640 | D        | Reached **** piety under Cheibriados
   719 | D        | Reached ***** piety under Cheibriados
   720 | D        | Reached XP level 4. HP: 42/44 MP: 6/6
   721 | D        | Reached skill level 4 in Axes
   721 | D        | Reached skill level 1 in Dodging
   818 | D        | Noticed Pargi
   823 | D        | Killed Pargi
   824 | D        | Reached skill level 5 in Fighting
   824 | D        | Reached skill level 5 in Axes
   824 | D        | Reached skill level 5 in Shields
   824 | D        | Reached skill level 5 in Invocations
   824 | D        | Reached XP level 5. HP: 50/52 MP: 2/9
  1050 | D        | Reached skill level 5 in Armour
  1050 | D        | Reached XP level 6. HP: 48/61 MP: 10/10
  1051 | D        | Noticed a gargoyle
  1055 | D        | HP: 2/61 [gargoyle/stone arrow (12)]
  1057 | D        | Killed a gargoyle
  1058 | D        | Reached skill level 7 in Axes
  1058 | D        | Reached XP level 7. HP: 26/69 MP: 0/12
  1475 | D        | Noticed a boulder beetle
  1475 | D        | Noticed a deep troll
  1477 | D        | Killed a deep troll
  1477 | D        | Killed a boulder beetle
  1478 | D        | Reached skill level 9 in Axes
  1478 | D        | Reached XP level 8. HP: 80/80 MP: 2/15
  1478 | D        | Reached XP level 9. HP: 86/86 MP: 2/16
  1954 | D        | Noticed a polar bear
  1963 | D        | Killed a polar bear
  1964 | D        | Reached skill level 5 in Dodging
  1964 | D        | Reached skill level 10 in Invocations
  1970 | D        | Noticed a deep troll
  1971 | D        | Reached ****** piety under Cheibriados
  1972 | D        | Killed a deep troll
  1973 | D        | Reached skill level 10 in Axes
  2129 | D        | Noticed an orange demon
  2129 | D        | Noticed a five-headed hydra
  2132 | D        | Killed an orange demon
  2133 | D        | Killed a five-headed hydra
  2134 | D        | Reached skill level 10 in Shields
  2134 | D        | Reached XP level 10. HP: 43/98 MP: 2/18
  2575 | D        | Noticed a black mamba
  2577 | D        | Killed a black mamba
  2579 | D        | Reached skill level 11 in Axes
  2915 | D        | Noticed an unseen horror
  2915 | D        | Noticed a cyclops
  2916 | D        | Killed an unseen horror
  2921 | D        | Killed a cyclops
  3314 | D        | Noticed a death yak
  3317 | D        | Reached skill level 10 in Armour
  3322 | D        | Killed a death yak
  3323 | D        | Noticed Joseph
  3327 | D        | Killed Joseph
  3598 | D        | Noticed a swamp dragon
  3598 | D        | Noticed a sea snake
  3600 | D        | Killed a sea snake
  3601 | D        | Reached skill level 12 in Axes
  3601 | D        | Reached XP level 11. HP: 106/106 MP: 9/20
  3601 | D        | Killed a swamp dragon
  3601 | D        | Noticed a six-headed hydra
  3601 | D        | Noticed a merfolk aquamancer
  3609 | D        | Killed a merfolk aquamancer
  3614 | D        | Killed a six-headed hydra
  4086 | D        | Noticed a sixfirhy
  4086 | D        | Noticed a phantasmal warrior
  4086 | D        | Noticed a flayed ghost
  4087 | D        | Killed a sixfirhy
  4088 | D        | Reached skill level 10 in Fighting
  4088 | D        | Reached skill level 13 in Axes
  4088 | D        | Killed a phantasmal warrior
  4089 | D        | Killed a flayed ghost
  4568 | D        | Noticed a sea snake
  4579 | D        | Killed a sea snake
  4580 | D        | Reached skill level 1 in Spellcasting
  4580 | D        | Reached XP level 12. HP: 104/117 MP: 22/22
  4831 | D        | Noticed a merfolk impaler
  4835 | D        | Killed a merfolk impaler
  4836 | D        | Reached skill level 14 in Axes
  5356 | D        | Noticed an alligator snapping turtle
  5378 | D        | Killed an alligator snapping turtle
  5833 | D        | Noticed Grum
  5842 | D        | Killed Grum
  5880 | D        | Noticed an orc warlord
  5881 | D        | Noticed an orc warlord
  5885 | D        | Reached skill level 5 in Spellcasting
  5885 | D        | Killed an orc warlord
  5886 | D        | Reached skill level 15 in Axes
  5888 | D        | Killed an orc warlord
  6088 | D        | Noticed a vault guard
  6095 | D        | Killed a vault guard
  6096 | D        | Gained mutation: You can use your snake-like lower body to
                  | constrict enemies. [Naga growth]
  6096 | D        | Reached XP level 13. HP: 127/127 MP: 23/23
  6429 | D        | Noticed a frost giant
  6431 | D        | Noticed a deep elf blademaster
  6431 | D        | Noticed a vault guard
  6432 | D        | Noticed Snorg
  6434 | D        | Killed a vault guard
  6437 | D        | Killed from afar by a frost giant

Illustrated notes

Levels and vault maps discovered:
D:        pitsprint [storerooms_1, entrance_room_1, metal_vault_2, armoury_2,
          mini_pit_1, grid_room_1, main_hall_1, silver_pit, the_coven_3,
          the_vestibule_1, steel_vault_3, golden_pit, hallway_of_sentries,
          crystal_vault_1, iron_vault_3, final_vault]

Skill      XL: |  1  2  3  4  5  6  7  8  9 10 11 12 13 |
---------------+----------------------------------------+-----
Shields        | 3 4 5 6 8 10 11 12 14 | 14.8
Invocations    | 2 3 5 7 9 11 13 14 | 14.5
Armour         | 3 4 5 6 7 9 10 11 13 | 13.7
Fighting       | 4 5 6 7 8 9 10 11 12 | 12.0
Axes           | 3 5 7 9 10 12 13 15 | 15.9
Dodging        | 2 3 4 5 6 7 9 |  9.4
Spellcasting   | 1 6 8 |  8.0

Action                     |  1- 3 |  4- 6 |  7- 9 | 10-12 | 13-15 || total
---------------------------+-------+-------+-------+-------+-------++-------
  Melee: Hand axe          |    18 |       |       |       |       ||    18
         War axe           |    26 |    12 |     8 |    51 |    15 ||   112
         Constrict         |       |       |       |       |     2 ||     2
 Invoke: Slouch            |       |     4 |     9 |    29 |    10 ||    52
         Bend Time         |       |       |       |     1 |       ||     1
    Use: Potion            |       |     1 |       |     5 |       ||     6
 Armour: Scale mail        |    16 |       |       |       |       ||    16
         Plate armour      |     2 |    15 |    15 |    30 |     5 ||    67
  Dodge: Dodged            |    14 |     9 |     3 |    25 |     6 ||    57
  Block: Buckler           |    11 |     5 |     9 |    40 |       ||    65
         Tower shield      |       |       |       |     5 |    17 ||    22
